AoeStats
← [TUMBI] Bobby Fischer

Arabia

510797484Analyzed
1v1 RM · 19h ago on Oct 2, 2026· 36m 51s· 2 players
Game mode
Random Map
Map size
Tiny (2 player)
Population
200
Speed
Normal
Resources
Standard
Victory
Conquest
Starting age
Dark Age
Ending age
Imperial Age
RankedLock teamsTeams togetherTeam positionsShared explorationLock speedFull tech treeHidden civsTurbo modeCheats
Victory
Defeat
🇨🇱 Cumans · Chile
1413
+17
🇹🇷 Huns · Türkiye
1430
-17
[TUMBI] Bobby Fischer
6:52 Loom
9:11 Feudal Age
12:44 Double-Bit Axe
13:00 Horse Collar
21:31 Castle Age
20:58 Wheelbarrow
20:44 Forging
21:23 Bloodlines
21:22 Scale Barding Armor
24:34 Chain Barding Armor
27:24 Iron Casting
26:45 Gold Mining
27:58 Bow Saw
30:38 Heavy Plow
33:16 Stone Mining
36:48 Town Watch
37:18 Hand Cart
Dipthong
6:23 Loom
8:56 Feudal Age
9:31 Double-Bit Axe
11:46 Horse Collar
18:21 Castle Age
16:54 Gold Mining
17:36 Fletching
17:40 Town Watch
19:12 Bloodlines
18:58 Bodkin Arrow
19:43 Bow Saw
19:59 Padded Archer Armor
25:09 Husbandry
26:42 Scale Barding Armor
30:12 Ballistics
30:22 Heavy Plow
34:13 Thumb Ring
37:40 Imperial Age
35:41 Leather Archer Armor
Connection lost

Rejoining the realm…

Still unreachable

The connection could not be restored.

Session expired

The server has moved on; the page needs a fresh start.